 Dungeon Crawl Stone Soup version 0.30-a0-622-gddc90eaa04 (webtiles) character file.

Game seed: 17934585660734074873

91 wormed the Trooper (level 4, -1/29 HPs)
             Began as a Gargoyle Berserker on Jan 10, 2023.
             Was a Believer of Trog.
             Constricted to death by Ijyb (6 damage)
             ... on level 3 of the Dungeon.
             The game lasted 00:03:09 (1900 turns).

wormed the Trooper (Gargoyle Berserker)             Turns: 1900, Time: 00:03:09

Health: -1/29      AC: 10    Str: 23    XL:     4   Next: 57%
Magic:  4/4        EV:  8    Int:  7    God:    Trog [**....]
Gold:   115        SH:  0    Dex:  9    Spells: 3/3 levels left

rFire   . . .      SeeInvis .    a - +0 spear
rCold   . . .      Faith    .    (no shield)
rNeg    + . .      Spirit   .    o - +0 ring mail
rPois   ∞          Reflect  .    (no helmet)
rElec   +          Harm     .    (no cloak)
rCorr   .          Rampage  .    (no gloves)
Will    .....                    k - +0 pair of boots Stlth
                                 (no amulet)
HPRegen 0.24/turn                (no ring)
MPRegen 0.09/turn                (no ring)

@: grasped by roots, on berserk cooldown, slowed, constricted, very slow
A: sickness immunity, AC +3, negative energy resistance 1, electricity
resistance, torment resistance 1, petrification resistance
a: Renounce Religion, Berserk, Trog's Hand


You were on level 3 of the Dungeon.
You worshipped Trog.
Trog was pleased with you.
You visited 1 branch of the dungeon, and saw 3 of its levels.

You collected 115 gold pieces.

Inventory:

Hand Weapons
 a - a +0 spear (weapon)
Missiles
 r - an atropa-tipped dart (quivered)
Armour
 f - a +1 tower shield
 k - a +0 pair of boots (worn)
 o - a +0 ring mail (worn)
Scrolls
 b - a scroll of teleportation
 m - 2 scrolls of immolation
 p - 3 scrolls of identify
Potions
 c - 2 potions of resistance
 e - 2 potions of heal wounds
 i - a potion of curing {unknown}
 j - 2 potions of magic {unknown}
 l - a potion of brilliance {unknown}
 q - a potion of cancellation {unknown}


   Skills:
 + Level 3.8 Fighting
 * Level 3.5 Polearms
 + Level 2.8 Armour
 + Level 2.0 Dodging
 + Level 1.5 Shields


You had 3 spell levels left.
You didn't know any spells.
Your spell library was empty.

Dungeon Overview and Level Annotations

Branches:
Dungeon (3/15)

Altars:
Zin

Annotations:
D:3 2 transporters, Ijyb


Innate Abilities, Weirdness & Mutations

You are immune to sickness and miasma.
Your stone body is resilient. (AC +3)
You are immune to poison.
You resist negative energy. (rN+)
You are resistant to electric shocks. (rElec)
You are resistant to unholy torment.
You are immune to petrification.


Message History

You hit Ijyb but do no damage.
Ijyb is heavily wounded.
The grasping roots release their grip on you.
You closely miss Ijyb.
Ijyb is heavily wounded.
Ijyb hits you but does no damage.
You barely miss Ijyb.
Ijyb is heavily wounded.
You are no longer berserk.
You are exhausted.
You feel yourself slow down. Ijyb hits you with a +0 club.
You hit Ijyb but do no damage.
Ijyb is heavily wounded.
Ijyb hits you but does no damage.
You hit Ijyb but do no damage.
Ijyb is heavily wounded.
Ijyb zaps a wand.
The roots erupt in riotous growth!
The grasping roots grab you!
Ijyb is unaffected.
The grasping roots constrict you. Ijyb hits you but does no damage.
The grasping roots constrict you.
You hear an angry hiss.
You hit Ijyb but do no damage.
Ijyb is heavily wounded.
Ijyb grins evilly.
Ijyb barely misses you. The grasping roots constrict you.
* * * LOW HITPOINT WARNING * * *
The frilled lizard barely misses you.
Throw: 2 darts (atropa)
Press: ? - help, Q - select action, (/) - cycle Shift-Dir - straight line, f/p - Ijyb
Aim: Ijyb, wielding a +0 club, wearing a +1 ring mail of cold resistance and carrying a wand of roots (4) (heavily wounded, 50% to hit, chance to blind on hit: 75%)
You throw an atropa-tipped dart.
The atropa-tipped dart barely misses Ijyb.
Ijyb hits you with a +0 club.
* * * LOW HITPOINT WARNING * * *
The grasping roots constrict you.
* * * LOW HITPOINT WARNING * * *
The frilled lizard bites you but does no damage.
A frilled lizard comes into view.
Ijyb hits you but does no damage. The grasping roots constrict you.
You die...

######## #..#
#..# #..# #..#
#..# #
########..#.#
............#
............#
......l@....#
......g.....#
............#
........(...#
.............#
...........#.#
.....l.........
(..........####


You could see Ijyb and 2 frilled lizards.

Vanquished Creatures
  An orc priest (D:3)
  An adder (D:2)
  2 orcs (D:3)
  5 ball pythons
  4 bats
  5 endoplasms
  4 giant cockroaches
  3 goblins
  5 hobgoblins
  3 jackals (D:1)
  6 frilled lizards
  3 kobolds
  3 rats
45 creatures vanquished.

Notes
Turn   | Place    | Note
-------+----------+-------------------------------------------
     0 | D:1      | wormed the Gargoyle Berserker began the quest for the Orb.
     0 | D:1      | Reached XP level 1. HP: 14/14 MP: 1/1
   209 | D:1      | Reached XP level 2. HP: 17/19 MP: 2/2
   747 | D:2      | Reached skill level 1 in Shields
   747 | D:2      | Reached XP level 3. HP: 22/23 MP: 3/3
   921 | D:2      | Reached ** piety under Trog
   951 | D:2      | Found a glowing silver altar of Zin.
  1596 | D:3      | Reached XP level 4. HP: 15/29 MP: 4/4
  1697 | D:3      | Found a transporter.
  1715 | D:3      | Found a transporter.
  1864 | D:3      | Noticed Ijyb
  1900 | D:3      | Constricted to death by Ijyb

Illustrated notes

Levels and vault maps discovered:
D:1:      dpeg_arrival_tiny_c, layout_loops_cross
D:2:      layout_loops_ring, basic_altar, minmay_cut_off
D:3:      gammafunk_steamed_eel, layout_basic, lemuel_round_altar,
          chequers_ecumenical_altar_island, uniq_ijyb

Skill      XL: |  1  2  3 |
---------------+----------+-----
Polearms       | 3 |  3.5
Shields        | 1 |  1.5
Dodging        | 2 |  2.0
Fighting       | |  3.8
Armour         | |  2.8

Action                   |  1- 3 |  4- 6 || total
-------------------------+-------+-------++-------
Melee: Spear             |   132 |    52 ||   184
       Punch             |     2 |       ||     2
Throw: Dart              |       |     4 ||     4
Invok: Berserk           |       |     1 ||     1
  Use: Scroll            |     9 |       ||     9
 Stab: Sleeping          |     1 |       ||     1
       Invisible         |       |     1 ||     1
Armor: Animal skin       |    17 |       ||    17
       Ring mail         |    13 |    16 ||    29
Dodge: Dodged            |    44 |    14 ||    58

Table legend: (Time is in decaauts)
 A = Elapsed time spent in this place.
 B = Non-inter-level travel time spent in this place.
 C = Inter-level travel time spent in this place.
 D = Time resting spent in this place.
 E = Time spent auto-exploring this place.
 F = Levels seen in this place.
 G = Mean time per level.
                   A        B        C        D        E       F      G
               +--------+--------+--------+--------+--------+-----+--------+
         Total |   1886 |   1831 |     55 |     38 |   1436 |   3 |  628.7 |
       Dungeon |   1886 |   1831 |     55 |     38 |   1436 |   3 |  628.7 |
               +--------+--------+--------+--------+--------+-----+--------+

Top non-repeatable levels by time:
     D:2: 915 daAuts
     D:1: 659 daAuts
     D:3: 311 daAuts
